cohdb
Replays
Latest Replays
All Replays
Popular Replays
Top Player Replays
Match Explorer
How It Works
Community
CoH3 Stats
Reddit
Sign in to upload your games and track your stats! →
Sign in with Steam
Match 38268584
Unlisted
Match 38268584
Overview
Messages
Build Orders
End
Panzergrenadier Squad
Kradschützen Motorcycle Team
250 Light Carrier
Construct Light Support Kompanie
Combat Half-tracks
2.5-tonne Medical Truck
Selects Armored Support Battlegroup
Selects Superior Fire Drills
Selects Superior Fire Drills
250 Light Carrier
Panzerjäger Mechanized Group
Fire Support Elements
Flakvierling Half-track
Selects Flammpanzer III Medium Tank
Flammpanzer III Medium Tank
Kradschützen Motorcycle Team
Vehicle Survival Package
Pak 38 Mechanized Group
Selects Salvage Kits
Selects Salvage Kits
Flammpanzer III Medium Tank
Assault Grenadier Squad
Panzergrenadier Squad
Panzerpioneer Squad
Pak 38 Mechanized Group
Don Gambino
Talboss
Alfonso
KevinTDW
0
0
Comments
sign in to comment!
No comments posted yet!